 Dungeon Crawl Stone Soup version 0.19-a0-1107-gc676ff4 (webtiles) character file.

298 JustSomeDude the Covered (level 6, 0/47 HPs)
             Began as a Demonspawn Fighter on Aug 9, 2016.
             Was a Follower of Kikubaaqudgha.
             Slain by a howler monkey (1 damage)
             ... on level 4 of the Dungeon.
             The game lasted 00:06:54 (1427 turns).

JustSomeDude the Covered (Demonspawn Fighter)       Turns: 1427, Time: 00:06:55

Health: 0/47       AC:  0    Str: 18    XL:     6   Next: 13%
Magic:  6/6        EV: 15    Int:  9    God:    Kikubaaqudgha [*.....]
Gold:   99         SH:  0    Dex: 18    Spells: 1 memorised, 4 levels left

rFire  . . .     SeeInvis .     (weapon currently unavailable)
rCold  . . .     Gourm    .     (armour currently unavailable)
rNeg   . . .     Faith    .     (shield currently unavailable)
rPois  .         Spirit   .     (helmet currently unavailable)
rElec  .         Dismiss  .     (cloak currently unavailable)
rCorr  .         Reflect  .     (gloves currently unavailable)
SustAt .         Harm     .     (boots currently unavailable)
MR     .....                    h - amulet of rage
Stlth  ++........               (ring currently unavailable)
                                (ring currently unavailable)

@: bat-form (expiring), flying, very quick
A: (claws 0), (cold resistance 0), powered by pain 1, freezing cloud immunity
a: Receive Corpses, Renounce Religion, Evoke Berserk Rage


You were on level 4 of the Dungeon.
You worshipped Kikubaaqudgha.
Kikubaaqudgha was aware of your devotion.
You were not hungry.
You were in bat-form.
You visited 1 branch of the dungeon, and saw 4 of its levels.

You collected 99 gold pieces.

Inventory:

Hand Weapons
 a - a +0 war axe (melded)
Armour
 b - a +0 scale mail (melded)
 c - a +0 shield (melded)
Jewellery
 h - an amulet of rage (around neck)
Scrolls
 e - 2 scrolls of identify {unknown}
 i - 3 scrolls of teleportation {unknown}
 k - a scroll of fear {unknown}
 m - a scroll of random uselessness {unknown}
 n - a scroll of immolation {unknown}
 r - a scroll of remove curse {unknown}
Potions
 j - a potion of brilliance {unknown}
 s - a potion of flight {unknown}
Books
 p - Kikubaaqudgha's Collected Works on Darkness
   (Kikubaaqudgha gifted it to you on level 2 of the Dungeon)

   Spells                             Type                      Level
   a - Pain                           Necromancy                   1
   b - Corpse Rot                     Necromancy                   2
   c - Sublimation of Blood           Necromancy                   2
   d - Vampiric Draining              Necromancy                   3
   e - Control Undead                 Necromancy                   4
Comestibles
 d - a chunk of flesh
 f - a bread ration
 g - 2 fruits


   Skills:
 + Level 3.5 Fighting
 + Level 2.5 Axes
 + Level 4.1 Armour
 + Level 2.5 Dodging
 + Level 3.7 Shields


You had 4 spell levels left.
You knew the following spells:

 Your Spells              Type           Power        Failure   Level  Hunger
a - Pain                  Necr           #...         38%         1    ##.....


Dungeon Overview and Level Annotations

Branches:
Dungeon (4/15)
 Temple: D:4-7

Altars:
Kikubaaqudgha

Annotations:
D:3 Grinder


Innate Abilities, Weirdness & Mutations

((You have sharp fingernails.))
((Your flesh is cold resistant. (rC+)))
You sometimes gain a little power by taking damage.
You are immune to freezing clouds.


Message History

You hit the howler monkey.
The howler monkey is lightly wounded.
The howler monkey closely misses you.
You hit the howler monkey.
The howler monkey is lightly wounded.
The howler monkey misses you.
You hit the howler monkey but do no damage.
The howler monkey is lightly wounded.
You hit the howler monkey but do no damage.
The howler monkey is lightly wounded.
The howler monkey closely misses you.
You completely miss the howler monkey.
The howler monkey is lightly wounded.
The howler monkey hits you.
* * * LOW HITPOINT WARNING * * *
The howler monkey misses you.
There is a stone staircase leading down here.
The howler monkey hits you.
You die...
Kikubaaqudgha rasps: "You have failed me!
Welcome... death!"

.#####
.......##
.......>=##
..........#
.........b#
....(...h.#
..........#
..........#
.........##
..###.<##
####


You could see a howler monkey.

Vanquished Creatures
  Sigmund (D:2)
  Robin (D:2)
  4 gnolls (D:2)
  3 adders (D:2)
  An ooze (D:1)
  A giant gecko (D:2)
  An orc (D:3)
  A giant cockroach (D:1)
  15 goblins
  8 hobgoblins
  3 jackals (D:1)
  A ball python (D:1)
  5 bats
  3 giant newts
  4 kobolds
  5 rats
57 creatures vanquished.

Notes
Turn   | Place    | Note
-------+----------+-------------------------------------------
     0 | D:1      | JustSomeDude the Demonspawn Fighter began the quest for the Orb.
     0 | D:1      | Reached XP level 1. HP: 18/18 MP: 1/1
   103 | D:1      | Gained mutation: Your flesh is cold resistant. (rC+) [demonic ancestry]
   103 | D:1      | Reached XP level 2. HP: 6/24 MP: 2/2
   591 | D:1      | Gained mutation: You have sharp fingernails. [demonic ancestry]
   591 | D:1      | Reached XP level 3. HP: 28/29 MP: 3/3
   625 | D:1      | You fall through a shaft!
   645 | D:2      | Noticed Robin
   647 | D:2      | Reached skill level 3 in Armour
   658 | D:2      | Killed Robin
   674 | D:2      | Reached skill level 1 in Dodging
   811 | D:2      | Found a faded altar of an unknown god.
   841 | D:2      | Became a worshipper of Kikubaaqudgha
   841 | D:2      | Reached * piety under Kikubaaqudgha
   841 | D:2      | Received a gift from Kikubaaqudgha
   841 | D:2      | Identified Kikubaaqudgha's Collected Works on Darkness (Kikubaaqudgha gifted it to you on level 2 of the Dungeon)
   860 | D:2      | Reached XP level 4. HP: 35/35 MP: 4/4
  1033 | D:2      | Noticed Sigmund
  1058 | D:2      | Killed Sigmund
  1058 | D:2      | Gained mutation: You are immune to freezing clouds. [demonic ancestry]
  1058 | D:2      | Reached XP level 5. HP: 37/41 MP: 5/5
  1142 | D:2      | Reached skill level 4 in Armour
  1142 | D:2      | Gained mutation: You sometimes gain a little power by taking damage. [demonic ancestry]
  1142 | D:2      | Reached XP level 6. HP: 40/47 MP: 6/6
  1326 | D:2      | Learned a level 1 spell: Pain
  1377 | D:3      | Noticed Grinder
  1425 | D:4      | HP: 1/47 [howler monkey (6)]
  1427 | D:4      | Slain by a howler monkey

Vault maps used:
D:1:      dpeg_arrival_orchard
D:2:      ecumenical_altar_1, uniq_robin, uniq_sigmund
D:3:      uniq_grinder, uniq_jessica
D:4:      kennysheep_mini, first_bread, uniq_crazy_yiuf_cottage, uniq_eustachio

Skill      XL: |  1  2  3  4  5 |
---------------+----------------+-----
Shields        | 3 |  3.7
Axes           | 2 |  2.5
Armour         | 3 4 |  4.1
Dodging        | 1 2 |  2.5
Fighting       | |  3.5

Action                   |  1- 3 |  4- 6 || total
-------------------------+-------+-------++-------
Melee: War axe           |   128 |    82 ||   210
       Unarmed           |       |     9 ||     9
  Use: Potion            |       |     4 ||     4
  Eat: Chunk             |       |     3 ||     3
Armor: Scale mail        |    62 |    38 ||   100
Dodge: Dodged            |    28 |    37 ||    65
Block: Shield            |    92 |    38 ||   130
